 Dungeon Crawl Stone Soup version 0.26-a0-651-gb41185065b (webtiles) character file.

Game seed: 14270952867448904685

5491 Flugslaktarn the Cleaver (level 10, -1/144 HPs)
             Began as a Deep Dwarf Fighter on Oct 8, 2020.
             Was a Priest of Makhleb.
             Slain by Harold
             ... wielding a +4 long sword of electrocution
              (13 damage)
             ... on level 9 of the Dungeon.
             The game lasted 00:03:39 (4866 turns).

Flugslaktarn the Cleaver (Deep Dwarf Fighter)       Turns: 4866, Time: 00:03:40

Health: -1/144     AC: 16    Str: 23    XL:     10   Next: 42%
Magic:  3/3        EV:  6    Int:  9    God:    Makhleb [***...]
Gold:   359        SH: 10    Dex: 12    Spells: 9/9 levels left

rFire    . . .     SeeInvis .   a - +1 war axe
rCold    . . .     Faith    .   c - +0 kite shield
rNeg     . . .     Spirit   .   m - +0 chain mail (curse)
rPois    .         Reflect  .   B - +2 hat
rElec    .         Harm     .   E - +2 cloak
rCorr    .         Rampage  .   (no gloves)
MR       +....                  k - +0 pair of boots
Stlth    ..........             (no amulet)
HPRegen  0.00/turn              (no ring)
MPRegen  0.08/turn              (no ring)

@: mighty, berserking, lethally poisoned (-1 -> -1), marked, non-regenerating,
heavily drained, very quick
A: damage resistance, heal wounds, sense surroundings 2, no regeneration
a: Heal Wounds, Minor Destruction, Lesser Servant of Makhleb, Renounce Religion


You were on level 9 of the Dungeon.
You worshipped Makhleb.
Makhleb was most pleased with you.
You visited 2 branches of the dungeon, and saw 10 of its levels.
You also visited: Ossuary.

You collected 359 gold pieces.

Inventory:

Hand Weapons
 a - a +1 war axe (weapon)
Armour
 c - a +0 kite shield (worn)
 k - a +0 pair of boots (worn)
   (You found it on level 1 of the Dungeon)
 m - a cursed +0 chain mail (worn)
   (You found it on level 4 of the Dungeon)
 n - a scarf of shadows
   (You found it on level 5 of the Dungeon)
 B - a +2 hat (worn)
   (You found it on level 7 of the Dungeon)
 E - a +2 cloak (worn)
   (You took it off Crazy Yiuf on level 7 of the Dungeon)
Jewellery
 p - a +4 ring of evasion {unknown}
   (You found it on level 5 of the Dungeon)
 D - a +4 ring of evasion {unknown}
   (You found it on level 7 of the Dungeon)
Wands
 G - a wand of iceblast (9)
   (You found it on level 8 of the Dungeon)
Scrolls
 b - 3 scrolls of enchant weapon
 g - 2 scrolls of acquirement {unknown}
 l - 2 scrolls of enchant armour {unknown}
 o - 3 scrolls of magic mapping {unknown}
 r - a scroll of identify {unknown}
 s - a scroll of vulnerability {unknown}
 u - a scroll of blinking {unknown}
 w - 4 scrolls of teleportation {unknown}
 y - 4 scrolls of remove curse {unknown}
 A - 2 scrolls of immolation {unknown}
 C - a scroll of random uselessness {unknown}
 F - a scroll of fear {unknown}
Potions
 e - 3 potions of curing
 f - a potion of haste {unknown}
 h - 3 potions of heal wounds
 i - a potion of mutation {unknown}
 j - a potion of flight {unknown}
 t - a potion of magic
 v - a potion of brilliance {unknown}
 x - 2 potions of stabbing {unknown}
 z - a potion of resistance {unknown}


   Skills:
 * Level 8.2(5.5) Fighting
 * Level 9.6(6.7) Axes
 + Level 7.3(4.7) Armour
 + Level 7.3(4.7) Shields
 + Level 6.9(4.3) Invocations


You had 9 spell levels left.
You didn't know any spells.
Your spell library was empty.

Dungeon Overview and Level Annotations

Branches:
Dungeon (9/15)             Temple (1/1) D:4            Lair (0/6) D:8
Ossuary (visited)
    Orc: D:9-12

Altars:
Ashenzari
Cheibriados
Dithmenos
Elyvilon
Fedhas
Gozag
Hepliaklqana
Kikubaaqudgha
Makhleb
Nemelex Xobeh
Okawaru
Qazlal
Sif Muna
Vehumet
Xom
Yredelemnul
Zin
The Shining One

Annotations:
D:5 3 runed translucent doors, HoaS's ghost, novice FoFi; Lanoc's ghost, weakling MiDe; Lanoc's ghost, weakling TeDe
D:9 exclusion: ice statue, Harold


Innate Abilities, Weirdness & Mutations

You are resistant to damage.
You can heal yourself by infusing magical energy.
You passively map the area around you.
You do not regenerate.


Message History

The killer bee completely misses you. The hound bites you.
* * * LOW HITPOINT WARNING * * *
Harold hits you with a +4 long sword of electrocution!
* * * LOW HITPOINT WARNING * * *
The killer bee barely misses you. The killer bee stings you.
* * * LOW HITPOINT WARNING * * *
The killer bee stings you.
You are poisoned.
The killer bee poisons you!
You slash Harold!
Harold is almost dead.
You barely miss the killer bee. x2; You closely miss the killer bee.
You closely miss the hound. The hound bites you but does no damage.
You block the killer bee's attack. The killer bee barely misses you.
The killer bee stings you.
* * * LOW HITPOINT WARNING * * *
Harold hits you with a +4 long sword of electrocution!
* * * LOW HITPOINT WARNING * * *
You are electrocuted!
You die...

,, , , .#...., ... *
, ...#.#*.#.(# * ,
#. , ....##..... ...
#..........* , ,,
##.#####..........,
, ...........?......
, . #....(..y.......
,
,...#......yyy.....[
,, ,
,#>.......@@hy?....
, , ,
###...<.########## ,
, , , * #.....# ,, ,
, .........# **, ,
.........# ,,,
.........# ,
.........# * *** ,,
..[......# ,
..8......#


You could see Harold, a hound and 5 killer bees.

Vanquished Creatures
  Erica (D:8)
  Joseph (D:8)
  Maggie (D:7)
  Prince Ribbit (D:8)
  A hippogriff (D:8)
  Grum (D:8)
  A wraith (D:6)
  A water moccasin (D:6)
  3 black bears
  2 ice beasts
  A phantom (D:4)
  2 wolves (D:8)
  7 ogres
  A centaur (D:8)
  2 bullfrogs (D:9)
  2 elf zombies (Ossuary)
  A water moccasin zombie (D:8)
  2 scorpions
  9 wights (D:8)
  A howler monkey (D:5)
  8 centaur zombies
  A bullfrog zombie (D:7)
  6 orc wizards
  2 human zombies (Ossuary)
  2 orc priests (D:4)
  3 hounds
  3 jellies
  2 centaur skeletons
  Crazy Yiuf (D:7)
  An iguana (D:4)
  5 worker ants
  2 hound skeletons
  2 mummies (Ossuary)
  A worker ant zombie (D:6)
  4 gnolls (D:4)
  9 adders
  2 white imps
  2 oozes
  A worm (D:2)
  2 leopard geckos
  19 orcs
  A giant cockroach (D:8)
  8 goblins
  4 hobgoblins
  11 jackals
  6 quokkas
  A ball python zombie (D:6)
  7 bats
  2 frilled lizards (D:2)
  8 kobolds
  2 leopard gecko skeletons
169 creatures vanquished.

Vanquished Creatures (others)
  An orc wizard (D:4)
  13 plants (D:1)
  3 withered plants (D:5)
17 creatures vanquished.

Grand Total: 186 creatures vanquished

Notes
Turn   | Place    | Note
-------+----------+-------------------------------------------
     0 | D:1      | Flugslaktarn the Deep Dwarf Fighter began the quest for the
                  | Orb.
     0 | D:1      | Reached XP level 1. HP: 20/20 MP: 1/1
   108 | D:1      | Reached XP level 2. HP: 27/27 MP: 2/2
   253 | D:2      | Reached XP level 3. HP: 13/34 MP: 3/3
   357 | D:2      | Reached skill level 3 in Axes
   801 | D:3      | Noticed a black bear
   804 | D:3      | Reached XP level 4. HP: 20/42 MP: 4/4
   816 | D:3      | Killed a black bear
   816 | D:3      | Reached XP level 5. HP: 26/50 MP: 5/5
   832 | D:4      | Reached skill level 4 in Axes
   908 | D:4      | Found a staircase to the Ecumenical Temple.
   936 | D:4      | Reached XP level 6. HP: 43/57 MP: 6/6
   949 | Temple   | Entered the Ecumenical Temple
   990 | Temple   | Became a worshipper of Makhleb the Destroyer
  1205 | D:4      | Reached skill level 1 in Invocations
  1340 | D:4      | Reached skill level 5 in Axes
  1434 | D:4      | Reached XP level 7. HP: 59/66 MP: 7/7
  1637 | D:5      | Entered Level 5 of the Dungeon
  1657 | D:5      | Found a sparkling altar of Nemelex Xobeh.
  1710 | D:5      | Reached * piety under Makhleb
  1845 | D:5      | Reached skill level 5 in Fighting
  1900 | D:5      | Reached skill level 5 in Armour
  2072 | D:5      | Reached skill level 5 in Shields
  2102 | D:5      | Reached skill level 6 in Axes
  2102 | D:5      | Reached XP level 8. HP: 74/75 MP: 9/9
  2129 | D:5      | Found a runed translucent gate.
  2129 | D:5      | Found a runed translucent gate.
  2133 | D:5      | Found a runed translucent gate.
  2133 | D:5      | Noticed Lanoc's ghost (weakling TeDe)
  2133 | D:5      | Noticed HoaS's ghost (novice FoFi)
  2133 | D:5      | Noticed Lanoc's ghost (weakling MiDe)
  2259 | D:5      | Found a sand-covered staircase.
  2263 | Ossuary  | Entered an ossuary
  2594 | D:6      | Found a broken altar of Ashenzari.
  2826 | D:6      | Reached skill level 7 in Axes
  3009 | D:6      | You fall into a shaft and drop 2 floors!
  3056 | D:8      | Noticed Joseph
  3093 | D:8      | HP: 3/78 [Joseph/+1 quarterstaff of draining (1)]
  3097 | D:8      | Killed Joseph
  3097 | D:8      | Gained mutation: You passively map the area around you.
                  | [Deep Dwarf growth]
  3097 | D:8      | Reached XP level 9. HP: 57/85 MP: 8/8
  3132 | D:8      | Reached skill level 5 in Invocations
  3175 | D:8      | Reached ** piety under Makhleb
  3190 | D:8      | Reached skill level 8 in Axes
  3247 | D:8      | Noticed Erica
  3265 | D:8      | Killed Erica
  3310 | D:8      | Noticed Grum
  3363 | D:8      | Killed Grum
  3363 | D:8      | Reached XP level 10. HP: 38/96 MP: 9/9
  3394 | D:8      | Reached skill level 9 in Axes
  3494 | D:8      | Found a staircase to the Lair.
  3506 | D:7      | Found a radiant altar of Vehumet.
  3937 | D:7      | Noticed Maggie
  3963 | D:7      | Killed Maggie
  3963 | D:7      | Reached *** piety under Makhleb
  4061 | D:7      | Found a runed translucent door.
  4062 | D:7      | Noticed Crazy Yiuf
  4162 | D:7      | Killed Crazy Yiuf
  4574 | D:8      | Noticed Prince Ribbit
  4650 | D:8      | Killed Prince Ribbit
  4744 | D:8      | Found an iron altar of Okawaru.
  4825 | D:9      | Noticed an ice statue
  4825 | D:9      | Noticed Harold
  4866 | D:9      | Slain by Harold

Illustrated notes

Levels and vault maps discovered:
D:1:      roderic_crop_circles_arrival_small, layout_basic
D:2:      layout_loops_corners
D:3:      layout_basic, minivault_4, grunt_qazlal_clouds
D:4:      layout_basic, temple_green
D:5:      layout_cave_pods, enter_ossuary_5, gammafunk_ghost_cemetery,
          basic_altar
D:6:      layout_loops_ring, basic_altar
D:7:      layout_cave_pools, vehumet_altar_wand_db, uniq_crazy_yiuf_cottage,
          uniq_maggie
D:8:      layout_loops_ring, lair_entry_dummy, minmay_holes,
          okawaru_altar_gauntlet_db, uniq_grum, uniq_prince_ribbit1, uniq_erica,
          uniq_joseph
D:9:      layout_rooms, dancing_weapons_uskayaw, minivault_16,
          chequers_serial_rivers_room_a, uniq_harold, uniq_gastronok
Temple:   grunt_wide_crystal_templ

Skill      XL: |  1  2  3  4  5  6  7  8  9 10 |
---------------+-------------------------------+-----
Fighting       | 3 4 5 6 7 8 |  8.2
Axes           | 3 4 5 6 7 8 9 |  9.6
Armour         | 4 5 6 7 |  7.3
Shields        | 4 5 6 7 |  7.3
Invocations    | 1 3 4 6 |  6.9

Action                   |  1- 3 |  4- 6 |  7- 9 | 10-12 || total
-------------------------+-------+-------+-------+-------++-------
Melee: War axe           |   137 |   123 |   372 |   152 ||   784
 Abil: Heal Wounds       |     1 |     7 |    21 |    16 ||    45
  Use: Scroll            |       |     3 |       |       ||     3
       Potion            |       |       |     1 |     3 ||     4
Armor: Scale mail        |    61 |    27 |       |       ||    88
       Chain mail        |       |    50 |   219 |   130 ||   399
Dodge: Dodged            |    52 |    38 |   137 |    63 ||   290
Block: Kite shield       |    95 |    72 |   227 |   112 ||   506

Table legend: (Time is in decaauts)
 A = Elapsed time spent in this place.
 B = Non-inter-level travel time spent in this place.
 C = Inter-level travel time spent in this place.
 D = Time resting spent in this place.
 E = Time spent auto-exploring this place.
 F = Levels seen in this place.
 G = Mean time per level.
                   A        B        C        D        E       F      G
               +--------+--------+--------+--------+--------+-----+--------+
         Total |   5168 |   4753 |    415 |      0 |   3097 |  11 |  469.8 |
       Dungeon |   4976 |   4583 |    393 |      0 |   3013 |   9 |  552.9 |
        Temple |     54 |     33 |     21 |      0 |     31 |   1 |   54.0 |
       Ossuary |    136 |    136 |      0 |      0 |     53 |   1 |  136.0 |
               +--------+--------+--------+--------+--------+-----+--------+

Top non-repeatable levels by time:
     D:8: 958 daAuts
     D:5: 860 daAuts
     D:4: 803 daAuts
     D:6: 739 daAuts
     D:7: 680 daAuts
     D:2: 489 daAuts
     D:1: 374 daAuts
 Ossuary: 136 daAuts
  Temple: 54 daAuts
     D:9: 44 daAuts
     D:3: 27 daAuts
